[Event "*** Titled Tuesday Blitz"]
[Site "Chess.com"]
[Date "2021.03.30"]
[Round "11"]
[White "Trankuilizer"]
[Black "moro182"]
[Result "1/2-1/2"]
[WhiteElo "2616"]
[BlackElo "2726"]
[TimeControl "180+1"]
[EndTime "12:09:50 PDT"]
[Termination "Game drawn - insufficient material"]

1. e4 g6 2. d4 Bg7 3. Nc3 d6 4. Nf3 Nf6 5. Be2 O-O 6. O-O a6 7. h3 b5 8. a3 Bb7 9. e5 Nd5 10. Nxd5 Bxd5 11. Bg5 h6 12. Bh4 Qd7 13. Qd2 Nc6 14.
Rad1 Kh7 15. Rfe1 Rad8 16. exd6 cxd6 17. c3 Rde8 18. Bg3 Qb7 19. b4 Na7 20. h4 Nc8 21. h5 Nb6 22. Qc2 Nc4 23. hxg6+ fxg6 24. Nh4 Be4 25. Bd3 Bxd3 26. Qxd3 Rf6 27. Re2 Qd5 28. Rde1 Qf7 29. d5 Nb6 30. Re6 Nd7 31. Qe4 Nf8 32. Rxe7 Rxe7 33. Qxe7 Qxd5 34. Qa7 Rf7 35. Qe3 Nd7 36.
Qe4 Qxe4 37. Rxe4 Ne5 38. f4 Nc4 39. Re6 Bxc3 40. Nxg6 Rf6 41. Rxf6 Bxf6 42. Nf8+ Kg8 43. Ne6 Nxa3 44. Nc7 Nc2 45. Nxa6 Kf7 46. f5 Nd4 47. Bxd6 Nxf5 48. Bc5 Bd4+ 49. Bxd4 Nxd4 50. Kf2 Ke6 51. Ke3 Ke5 52. Kd3 Ne6 53. g3 Kf5 54. Ke3 Kg4 55. Kf2 h5 56. Nb8 Ng5 57. Nc6 Ne4+ 58. Kg2 Nxg3 59.
Nd4 Nf5 60. Nxb5 h4 61. Nc3 Ne3+ 62. Kf2 Nc4 63. Ne2 h3 64. Ng1 h2 65. Kg2 hxg1=Q+ 66. Kxg1 Kf4 67. b5 Nb6 68. Kf2 Ke5 69. Kg2 Kd5 70. Kh3 Kc5 71. Kh4 Kxb5 1/2-1/2

[Event "*** Titled Tuesday Blitz"]
[Site "Chess.com"]
[Date "2021.03.30"]
[Round "11"]
[White "Aslanov_Umid"]
[Black "Irina_Baraeva"]
[Result "0-1"]
[WhiteElo "2415"]
[BlackElo "2338"]
[TimeControl "180+1"]
[EndTime "12:09:52 PDT"]
[Termination "Irina_Baraeva won by checkmate"]

1. e4 e6 2. d4 d5 3. Nd2 c5 4.
exd5 Qxd5 5. Ngf3 cxd4 6. Bc4 Qd6 7. Nb3 Qb4+ 8. Nbd2 Nc6 9. O-O Nf6 10. a3 Qb6 11.
Nb3 Bc5 12. Nxc5 Qxc5 13. Ba2 O-O 14. b4 Qd6 15. Bb2 e5 16. Re1 Bg4 17. h3 Bh5 18.
g4 Bg6 19. b5 e4 20. bxc6 exf3 21. cxb7 Rab8 22. Qxd4 Qc7 23. Qe3 Ne4 24. Qd4 Nf6 25. g5 Nh5 26. Bd5 Rfd8 27. c4 Qd7 28. Qh4 Qf5 29.
Re5 Qc2 30. Bd4 Qd2 31. Rae1 Nf4 32. Kh2 Qxd4 33. R5e4 Bxe4 34. Rxe4 Qd2 35. Rxf4 Rxd5 36. cxd5 Qxd5 37. Qg4 Qxb7 38. Rb4 Qc7+ 39. Kg1 Rd8 40. Rd4 Rxd4 41. Qxd4 g6 42. Qf6 Qc1+ 43. Kh2 Qxa3 44. Qd8+ Qf8 45. Qd3 Qb8+ 46. Kg1 a5 47. Qxf3 Qb1+ 48.
Kh2 Qb2 49. Qa8+ Kg7 50. Qf3 Qe5+ 51. Kh1 a4 52. Qg2 a3 53. f3 Qa1+ 54. Kh2 Qb2 55. Kg3 Qxg2+ 56. Kxg2 a2 57. Kg3 a1=Q 58. Kh4 Qd4+ 59.
Kg3 Qe5+ 60. Kg4 Qe3 61. Kg3 f6 62. Kh2 fxg5 63. f4 Qxf4+ 64. Kh1 Kf6 65. h4 Ke5 66. h5 Ke4 67. h6 Qg4 68. Kh2 Kf3 69. Kh1 Qg2# 0-1

[Event "*** Titled Tuesday Blitz"]
[Site "Chess.com"]
[Date "2021.03.30"]
[Round "11"]
[White "NishaOnYoutube"]
[Black "The_Machine04"]
[Result "0-1"]
[WhiteElo "2225"]
[BlackElo "2431"]
[TimeControl "180+1"]
[EndTime "12:09:57 PDT"]
[Termination "The_Machine04 won on time"]

1. e4 d6 2. d4 Nf6 3. Nc3 e5 4. Nf3 Nbd7 5. Bc4 Be7 6. a4 c6 7. O-O h6 8. Re1 Qc7 9. a5 Nf8 10. Bf1 Ng6 11. g3 O-O 12. h4 Bg4 13. Be2 Rad8 14. d5 c5 15. Nh2 Bxe2 16. Qxe2 a6 17. h5 Nh8 18. Kg2 Nh7 19. Qg4 Qd7 20. Ra3 Qxg4 21.
Nxg4 Rd7 22. f4 f6 23. f5 Nf7 24. Na4 Bd8 25. Nb6 Bxb6 26. axb6 Rb8 27. Bd2 Nhg5 28. Bxg5 Nxg5 29. Ree3 Kf7 30. c4 Ke7 31.
Ra5 Rdd8 32. Nf2 Rdc8 33. Nd3 Nh7 34. Nf2 Nf8 35. Nd3 Nd7 36. Nf2 Nxb6 37. b3 Nd7 38. Re1 Ra8 39. Rea1 Ra7 40. Nd3 Rca8 41. Nc1 Kd8 42. Ne2 Kc7 43. Nc3 b6 44. R5a2 Kb7 45.
Kf2 Nf8 46. Ke3 Nh7 47. Kd3 Ng5 48. Ke3 Nf7 49. Kd3 Nd8 50. Ke3 Kb8 51. Kd3 Nb7 52. Ke3 Na5 53. Ra3 Nb7 54. Kd3 Nd8 55. Ke3 Nf7 56. Kd3 Ng5 57. Ke3 Kb7 58. Kd3 Nf3 59. Ke3 Nd4 60. Kd3 b5 61. cxb5 axb5 62. Rxa7+ Rxa7 63.
Rxa7+ Kxa7 64. Ke3 Kb6 0-1

[Event "*** Titled Tuesday Blitz"]
[Site "Chess.com"]
[Date "2021.03.30"]
[Round "11"]
[White "noblerone"]
[Black "TioCridineno"]
[Result "1/2-1/2"]
[WhiteElo "2389"]
[BlackElo "2286"]
[TimeControl "180+1"]
[EndTime "12:09:57 PDT"]
[Termination "Game drawn - insufficient material"]

1. d4 Nf6 2. Nf3 g6 3. Bg5 Bg7 4. Nbd2 d5 5. e3 O-O 6. Be2 Bg4 7. h3 Bxf3 8. Bxf3 c6 9. O-O Nbd7 10. c4 e6 11. Qb3 Qb6 12. c5 Qxb3 13. axb3 a6 14. b4 e5 15. Nb3 Rfe8 16. Na5 Rab8 17. Rfe1 h6 18. Bh4 g5 19. Bg3 Ne4 20. Bg4 Re7 21. Bxd7 Rxd7 22. Bxe5 Bxe5 23. dxe5 Re7 24. f4 Kg7 25.
Nb3 f5 26. exf6+ Nxf6 27. Nd4 Kg6 28. fxg5 hxg5 29. Re2 Rbe8 30. Rae1 Ne4 31. Kh2 Rf8 32. g4 Rf2+ 33. Rxf2 Nxf2 34. Nf5 Rh7 35. Kg3 Nd3 36. Rf1 Nxb4 37. Nd6 Re7 38. Rf3 Nd3 39. Nf5 Rd7 40. h4 gxh4+ 41. Nxh4+ Kh7 42. g5 Nxc5 43. g6+ Kg8 44.
Kg4 Ne4 45. Kh5 c5 46. Nf5 d4 47. Nh6+ Kg7 48. Nf5+ Kg8 49. exd4 cxd4 50. Rd3 b5 51. Nh6+ Kg7 52. Nf5+ Kf6 53. Rxd4 Rxd4 54. Nxd4 Ng3+ 55.
Kg4 Ne4 56. Kf4 Nc5 57. Ke3 Na4 58. Nc6 Nxb2 59. Kd4 Kxg6 60. Kc3 Nc4 61. Kb4 Kf6 62. Nb8 a5+ 63. Kxb5 a4 64. Kxc4 a3 65. Kb3 a2 66. Kxa2 1/2-1/2

[Event "*** Titled Tuesday Blitz"]
[Site "Chess.com"]
[Date "2021.03.30"]
[Round "11"]
[White "kakorrhaphiophobie"]
[Black "Kapibara_Warri0r"]
[Result "1-0"]
[WhiteElo "2354"]
[BlackElo "2239"]
[TimeControl "180+1"]
[EndTime "12:09:57 PDT"]
[Termination "kakorrhaphiophobie won by checkmate"]

1. d4 Nf6 2. c4 g6 3. Nc3 Bg7 4.
e4 d6 5. Nf3 O-O 6. Be2 e5 7.
Be3 exd4 8. Nxd4 Re8 9. f3 c6 10. Bf2 d5 11. exd5 cxd5 12. O-O Nc6 13. c5 Bd7 14. a3 Rc8 15. Ndb5 Bf8 16. b4 a6 17. Nd4 Bg7 18. Re1 Ne5 19. Qb3 Bc6 20. Rad1 Ra8 21.
a4 Re7 22. Bf1 Be8 23. Bh4 Nc6 24. Rxe7 Qxe7 25. Nxd5 Qe5 26. Nxf6+ Bxf6 27. Bxf6 Qxf6 28. Nxc6 Bxc6 29. b5 axb5 30. axb5 Be8 31. Bc4 Qf4 32. Bd5 Rd8 33. Be4 Rxd1+ 34. Qxd1 Qe3+ 35. Kh1 Qxc5 36. Bxb7 Qxb5 37. Be4 Qe5 38. g3 Kg7 39. Kg2 Qb2+ 40. Kh1 Qe5 41. Qe2 f5 42. Bd3 Qa1+ 43. Kg2 Bf7 44.
Kf2 Qf6 45. Qe3 Qd6 46. f4 Qd5 47. Qe5+ Qxe5 48. fxe5 Be6 49. h4 Kf7 50. Ke3 Ke8 51. Kf4 Ke7 52. Kg5 Kf7 53. Kh6 Kg8 54. Be2 Bd5 55. h5 Bf7 56. Bf3 Be8 57. Bd5+ Kh8 58.
Be6 Bc6 59. hxg6 hxg6 60. Kxg6 Bf3 61. Bxf5 Kg8 62. Kf6 Kf8 63. g4 Bd5 64. g5 Bf7 65. e6 Be8 66. g6 Bc6 67. e7+ Kg8 68. Be6+ Kh8 69. Bf7 Be8 70. g7+ Kh7 71. g8=Q+ Kh6 72. Qg6# 1-0

[Event "*** Titled Tuesday Blitz"]
[Site "Chess.com"]
[Date "2021.03.30"]
[Round "11"]
[White "BogdanDeac"]
[Black "Fandorine"]
[Result "1-0"]
[WhiteElo "3013"]
[BlackElo "2875"]
[TimeControl "180+1"]
[EndTime "12:09:58 PDT"]
[Termination "BogdanDeac won by resignation"]

1. e4 c5 2. Nf3 e6 3. g3 Nc6 4.
Bg2 Nf6 5. Qe2 e5 6. O-O Be7 7. c3 O-O 8. Rd1 d5 9. exd5 Qxd5 10.
d3 h6 11. Na3 Bf5 12. Nc4 e4 13. dxe4 Qxe4 14. Ne3 Be6 15. Ng5 Qxg2+ 16. Nxg2 hxg5 17. Bxg5 Rfe8 18. Nf4 Bf5 19. Re1 Bd6 20. Qb5 Ne4 21. h4 a6 22. Qf1 Ne5 23. Qg2 Nd2 24. Re3 Bg4 25. Nd5 Nef3+ 26. Kh1 f6 27. Rxe8+ Rxe8 28. Be3 Nc4 29. Qf1 Nce5 30. Bf4 Bf8 31. Ne3 Bd7 32.
Bxe5 Nxe5 33. Rd1 Bc6+ 34. Nd5 c4 35. Kg1 Bc5 36. Kh2 Nf3+ 37. Kh3 Ne5 38. Nf4 Bf3 39.
Re1 Bg4+ 40. Kg2 Bf3+ 41. Kg1 Rd8 42. Rxe5 fxe5 43. Qxc4+ Kh7 44. Nd3 e4 45. Ne1 Rd1 46. Kf1 Bd6 47. Qe6 Bf8 48. Qf5+ Kg8 49. h5 Be7 50.
Qe6+ Kf8 51. h6 gxh6 52. Qxh6+ Ke8 53. g4 b5 54. g5 b4 55. g6 bxc3 56. bxc3 Bf6 57.
g7 Kf7 58. Qxf6+ Kxf6 59. g8=Q Ke5 60. Qe8+ Kd5 61. Qa4 Kc5 62. Qxa6 Kd5 63. Qb5+ Ke6 64. c4 Bg4 65. c5 Bh3+ 66. Ke2 Bg4+ 67. f3 exf3+ 68.
Nxf3 Rd5 69. Ke3 1-0

[Event "*** Titled Tuesday Blitz"]
[Site "Chess.com"]
[Date "2021.03.30"]
[Round "11"]
[White "seorobert1971"]
[Black "Skat2704"]
[Result "1/2-1/2"]
[WhiteElo "2740"]
[BlackElo "2633"]
[TimeControl "180+1"]
[EndTime "12:09:59 PDT"]
[Termination "Game drawn - insufficient material"]

1. Nf3 d5 2. d4 Nf6 3. c4 e6 4.
Nc3 Be7 5. Bf4 O-O 6. e3 b6 7. cxd5 exd5 8. Bd3 Bb7 9. O-O c5 10. h3 Nc6 11. Rc1 a6 12. Bb1 c4 13. Ne5 b5 14.
Bg5 Ne4 15. Bxe4 dxe4 16. Bxe7 Qxe7 17. Nxc6 Bxc6 18. Qg4 f5 19. Qg3 b4 20. Ne2 Bb5 21.
Rfe1 Rac8 22. h4 c3 23. bxc3 Bxe2 24. Rxe2 bxc3 25. Rec2 Qb4 26. Qe5 Rf6 27. d5 Qd6 28.
Qd4 Rd8 29. Rd1 Rh6 30. g3 Qe7 31. Qxc3 g5 32. d6 Rhxd6 33. Rxd6 Rxd6 34. hxg5 Kf7 35. Qh8 Kg6 36. Rc8 Kh5 37. Rg8 Rg6 38. Re8 Qg7 39.
Qxg7 Rxg7 40. Ra8 Rg6 41. Ra7 Kxg5 42. Rxh7 Rd6 43. Ra7 Kh5 44. Kg2 Kg5 45. a4 Kh5 46. Kf1 Kg5 47. Ke2 Kh5 48. Rc7 Rb6 49. Rf7 Kg4 50.
Rg7+ Kh3 51. Rg5 Rb2+ 52. Ke1 Rb1+ 53. Ke2 Rb2+ 54. Ke1 Rb1+ 55. Kd2 Rb2+ 56. Kc3 Rxf2 57. Kd4 Kg2 58. Rg6 Rd2+ 59. Ke5 Kf3 60. Rxa6 Kxe3 61. Kxf5 Kf3 62. g4 e3 63. g5 e2 64. Re6 Rd3 65. Rxe2 Kxe2 66. g6 Rf3+ 67. Ke6 Rg3 68. Kf7 Kd3 69. g7 Kc4 70. g8=Q Rxg8 71.
Kxg8 Kb4 72. Kf7 Kxa4 1/2-1/2

[Event "*** Titled Tuesday Blitz"]
[Site "Chess.com"]
[Date "2021.03.30"]
[Round "11"]
[White "WonderChampion"]
[Black "Nemsko"]
[Result "0-1"]
[WhiteElo "2129"]
[BlackElo "2321"]
[TimeControl "180+1"]
[EndTime "12:09:59 PDT"]
[Termination "Nemsko won by checkmate"]

1. d4 Nf6 2. Bg5 Ne4 3. Bf4 d5 4. Nd2 Nd6 5. e3 e6 6. Bd3 Be7 7. Ngf3 O-O 8. O-O f5 9. Ne5 Nd7 10.
Re1 Nf6 11. Ndf3 Bd7 12. c3 Be8 13. Ng5 Qc8 14. Rc1 h6 15. Ngf3 Nfe4 16. Bxe4 Nxe4 17. h3 Bh5 18. Bh2 Bd6 19. c4 c6 20. c5 Be7 21. b4 Ng5 22. a4 Bf6 23. Qd3 Nxf3+ 24. Nxf3 Qd7 25. Ne5 Bxe5 26. Bxe5 a6 27. Kh2 Bg6 28. Qe2 Kh7 29. Rg1 Qf7 30. f3 Bh5 31.
Rcf1 Bg6 32. g4 fxg4 33. fxg4 Qd7 34. Bd6 Rf7 35. Rxf7 Qxf7 36. Rf1 Qd7 37. Kg3 a5 38. b5 cxb5 39. axb5 a4 40. b6 a3 41. Ra1 Qa4 42. h4 a2 43. h5 Be4 44. Qb2 Qc4 45. Qd2 Qb3 46. Be5 Qb1 47. Qc3 Qb5 48. c6 bxc6 49.
Bc7 Ra4 50. Qd2 Qb3 51. Qe2 Ra3 52. Kf2 Bb1 53. Qd2 Ra5 54. Qxa5 Qb2+ 55. Kg3 Qxa1 56. b7 Qb2 57. b8=Q a1=Q 58. Qxa1 Qxa1 59. Be5 Be4 60. Qb3 Qe1+ 61. Kh3 Qf1+ 62. Kh4 Qf2+ 63. Kh3 Qg2+ 64.
Kh4 Qh1+ 65. Kg3 Qf3+ 66. Kh4 Qf2+ 67. Kh3 Bg2+ 68. Kh2 Bf3+ 69. Kh3 Qg2+ 70. Kh4 Qxg4# 0-1

[Event "*** Titled Tuesday Blitz"]
[Site "Chess.com"]
[Date "2021.03.30"]
[Round "11"]
[White "anon219"]
[Black "CSB7"]
[Result "1/2-1/2"]
[WhiteElo "2852"]
[BlackElo "2696"]
[TimeControl "180+1"]
[EndTime "12:10:02 PDT"]
[Termination "Game drawn - insufficient material"]

1. e4 e6 2. d4 d5 3. Nc3 Nf6 4. e5 Nfd7 5. Nce2 c5 6. c3 Nc6 7. Nf3 Be7 8. a3 O-O 9. Nf4 Qa5 10. Be3 cxd4 11. b4 Qc7 12. cxd4 Nb6 13. Rc1 Qd8 14.
Bd3 f6 15. h4 f5 16. h5 Bd7 17. Qd2 a5 18. b5 Bxa3 19. bxc6 Bb4 20. Rc3 Na4 21. Ne2 Rc8 22. cxd7 Qxd7 23. O-O Nxc3 24. Nxc3 Bxc3 25. Qe2 Ra8 26. Bb5 Qe7 27. Rc1 Rfc8 28.
h6 Bb4 29. Ra1 g6 30. Bg5 Qc7 31. g3 Qc3 32. Rf1 Qc7 33. Ba4 Be7 34. Bf6 Bf8 35.
Ng5 Qb6 36. Bd7 Re8 37. Bxe8 Rxe8 38. Qc2 Bxh6 39. Rb1 Qc6 40. Qb2 Bxg5 41. Bxg5 Rb8 42. Rc1 Qd7 43. Qb6 Rc8 44. Rxc8+ Qxc8 45. Qxa5 Kf7 46.
Qd8 Qxd8 47. Bxd8 Ke8 48. Ba5 Kd7 49. Kf1 Kc6 50. Ke2 Kb5 51. Bd8 Kc4 52. Bb6 Kb5 53.
Ba7 Kc4 54. Kd2 b5 55. Kc2 g5 56. Bc5 h5 57. Be7 h4 58. gxh4 gxh4 59. Bxh4 Kxd4 60. Bf6 Ke4 61. Kc3 Kf3 62. Bh4 Ke4 63. Kb4 Kxe5 64. Kxb5 Ke4 65. Kc5 e5 66. Bg5 d4 67.
Kc4 f4 68. Bf6 Kf3 69. Bxe5 Kxf2 70. Bxf4 d3 71. Kxd3 1/2-1/2

[Event "*** Titled Tuesday Blitz"]
[Site "Chess.com"]
[Date "2021.03.30"]
[Round "11"]
[White "suneebaker"]
[Black "Sjakkerntobi"]
[Result "1-0"]
[WhiteElo "2179"]
[BlackElo "2396"]
[TimeControl "180+1"]
[EndTime "12:10:05 PDT"]
[Termination "suneebaker won by checkmate"]

1. Nf3 d5 2. d4 Nf6 3. c4 e6 4.
Nc3 Be7 5. Bg5 h6 6. Bf4 O-O 7. e3 c5 8. dxc5 Bxc5 9. cxd5 exd5 10. Be2 Nc6 11. O-O a6 12. Rc1 Ba7 13. h3 Re8 14. a3 Bf5 15. Bd3 Ne4 16. Bxe4 dxe4 17.
Nd2 Ne5 18. Bxe5 Rxe5 19. Nc4 Re7 20. Qxd8+ Rxd8 21. Rfd1 Red7 22. Rxd7 Rxd7 23. Rd1 Rxd1+ 24. Nxd1 Bd7 25. Nc3 f5 26. Kf1 b5 27. Ne5 Be8 28.
Ke2 Bb8 29. f4 exf3+ 30. Nxf3 Kf7 31. e4 fxe4 32. Nxe4 a5 33. Nd4 Ba7 34. Kd3 Ke7 35. b4 axb4 36. axb4 Bb8 37. Nc3 Bd6 38. Ndxb5 Bxb4 39.
Nd5+ Kf7 40. Nxb4 Bxb5+ 41. Ke3 Kg6 42. Kf2 Bc4 43. Nc2 Kf5 44. Ne3+ Ke4 45. Nxc4 Kd4 46. Nd6 Ke5 47. Nc4+ Kd4 48. Ne3 Ke4 49. g3 g6 50.
Ng2 g5 51. g4 Kd4 52. Kg3 Ke4 53. Ne1 Ke3 54. Nf3 Ke4 55. h4 gxh4+ 56. Nxh4 Ke5 57.
Nf3+ Kf6 58. Kh4 Kg6 59. Nh2 Kf6 60. Kh5 Kg7 61. Nf3 Kh7 62. Nh4 Kg7 63. Nf5+ Kg8 64. Nxh6+ Kh8 65. Nf5 Kh7 66. g5 Kg8 67. g6 Kh8 68. Kh6 Kg8 69. Ne7+ Kf8 70. g7+ Kxe7 71.
g8=Q Kd6 72. Qe8 Kd5 73. Kg5 Kd4 74. Kf4 Kc4 75. Qd7 Kc5 76. Ke4 Kb4 77. Qc6 Kb3 78.
Kd3 Kb4 79. Qb6+ Ka3 80. Kc3 Ka4 81. Qb4# 1-0

[Event "*** Titled Tuesday Blitz"]
[Site "Chess.com"]
[Date "2021.03.30"]
[Round "11"]
[White "olksuna"]
[Black "GMKrikor"]
[Result "0-1"]
[WhiteElo "2688"]
[BlackElo "2841"]
[TimeControl "180+1"]
[EndTime "12:10:08 PDT"]
[Termination "GMKrikor won on time"]

1. e4 c5 2. Nf3 d6 3. d4 cxd4 4.
Nxd4 Nf6 5. Nc3 a6 6. Be2 e5 7.
Nf3 Be7 8. Bg5 Be6 9. Bxf6 Bxf6 10. O-O O-O 11. Nd5 Nd7 12. Bc4 Qc8 13. Qe2 Bd8 14.
Rad1 b5 15. Bb3 Nc5 16. c3 Nxb3 17. axb3 Qb7 18. b4 g6 19. h4 Kg7 20. Ng5 Rc8 21.
g3 Bd7 22. Rd2 h6 23. Nf3 Be6 24. Rfd1 Rc6 25. Ne3 Be7 26. h5 Rcc8 27. Nd5 Bd8 28. hxg6 fxg6 29. Nh2 Qf7 30. Ng4 h5 31. Nge3 Bg5 32.
f4 exf4 33. Rf1 f3 34. Qd3 Kh7 35. Rdf2 Rce8 36. Qd4 Bxd5 37. Nxd5 Qg7 38. Qxg7+ Kxg7 39. Rxf3 Rxf3 40. Rxf3 Rxe4 41. Kf2 Bc1 42. Nc7 Bxb2 43. Rd3 Rc4 44. Nxa6 Bxc3 45. Rxd6 Bxb4 46. Rb6 Bc5+ 47.
Nxc5 Rxc5 48. Kf3 Kh6 49. Kf4 Rc4+ 50. Kf3 b4 51. Kg2 Kg5 52. Kh3 Re4 53. Rb5+ Kf6 54. Rb6+ Kf5 55. Rb5+ Kf6 56. Rb6+ Kg7 57. Rb5 Kh6 58. Rb6 Rd4 59. Rb5 Rc4 60. Rb6 Rg4 61. Rb5 Kg7 62. Rb6 Kf7 63. Kg2 Ke7 64. Kf3 Kd7 65. Rb5 Kc6 66. Rb8 Kc5 67. Rc8+ Kd4 68. Rd8+ Kc3 69. Re8 b3 70. Re3+ Kb2 71. Re2+ Ka1 72.
Re1+ Ka2 0-1

[Event "*** Titled Tuesday Blitz"]
[Site "Chess.com"]
[Date "2021.03.30"]
[Round "11"]
[White "LileKoridze"]
[Black "Kale36"]
[Result "0-1"]
[WhiteElo "2485"]
[BlackElo "2420"]
[TimeControl "180+1"]
[EndTime "12:10:15 PDT"]
[Termination "Kale36 won by resignation"]

1. d4 Nc6 2. c4 e5 3. d5 Nce7 4.
Nc3 Nf6 5. e4 Ng6 6. Nf3 Bc5 7. Bd3 a5 8. O-O d6 9. b3 O-O 10. Rb1 Nh5 11. Bg5 f6 12. Be3 Bb4 13.
Ne2 Bg4 14. Ng3 Nhf4 15. Bc2 h5 16. h3 Bd7 17. Nf5 Qe8 18. Kh2 h4 19. N5xh4 Nxh4 20. Nxh4 g5 21. Nf5 Bxf5 22. exf5 Kg7 23. Be4 Rh8 24.
Kg1 Qf7 25. f3 Rh4 26. Kf2 Rah8 27. Rh1 Qh5 28. Qg1 Bc5 29. Bxc5 dxc5 30. Ke3 Qh6 31. Kf2 g4 32. fxg4 Nxh3+ 33. gxh3 Qd2+ 34. Kf1 Rxh3 35. Rxh3 Rxh3 36. Qg2 Qe3 37. Re1 Qc3 38. g5 Rg3 39.
gxf6+ Kxf6 40. Qh2 Rh3 41. Qe2 Qg3 42. Qg2 Qf4+ 43. Kg1 Rg3 44. Re2 b6 45. Kh1 Rxg2 46.
Kxg2 Qg4+ 47. Kf2 Kg5 48. Re3 Kf4 49. Bg2 Qh4+ 50. Ke2 Qh2 51. Re4+ Kg5 52. Kf2 Kxf5 53. Re3 Kf4 54. Rf3+ Kg4 55. Rf7 e4 56. Rg7+ Kf5 57. Rf7+ Ke5 58. Re7+ Kd4 59. Rxe4+ Kc3 60. Rg4 Kb4 61. Rg3 Qh6 62. Rf3 Qd2+ 63. Kg1 Qxa2 64. Bh3 a4 65. bxa4 Kxc4 66. d6 cxd6 67. Be6+ d5 68.
Rf5 Qa1+ 69. Kg2 Qd1 70. Rf2 Kc3 71. Bf5 d4 72. Be6 c4 73. Rf7 d3 74. Rc7 Qe2+ 75. Kg3 Qxe6 0-1

[Event "*** Titled Tuesday Blitz"]
[Site "Chess.com"]
[Date "2021.03.30"]
[Round "11"]
[White "AttilaTurzo"]
[Black "Vuk2000"]
[Result "0-1"]
[WhiteElo "2496"]
[BlackElo "2717"]
[TimeControl "180+1"]
[EndTime "12:10:24 PDT"]
[Termination "Vuk2000 won on time"]

1. d4 Nf6 2. Nf3 e6 3. Bf4 d5 4. e3 Bd6 5. Bg3 O-O 6. Nbd2 c5 7. c3 Qc7 8. dxc5 Qxc5 9. Bd3 Nbd7 10. e4 dxe4 11.
Nxe4 Nxe4 12. Bxe4 Be7 13. O-O Nf6 14. Bc2 b5 15. Be5 Bb7 16. Bd4 Qc6 17. Qe2 a5 18.
Bd3 b4 19. c4 Rfd8 20. Be3 Ng4 21. Bf4 Rd4 22. Be3 Nxe3 23. fxe3 Rg4 24. Rf2 Bf6 25.
Ne5 Rxg2+ 26. Rxg2 Qxg2+ 27. Qxg2 Bxg2 28. Kxg2 Bxe5 29. Rb1 a4 30. h3 b3 31. axb3 axb3 32. Kf3 f5 33.
Ke2 Ra2 34. c5 Bxb2 35. Kf3 Kf7 36. Bc4 Ba3 37. Bxb3 Rh2 38. Kg3 Rd2 39. c6 Rd3 40.
Kf3 Rc3 41. Ba4 Bd6 42. Rb7+ Kf6 43. Rd7 Be5 44. Ke2 Rc4 45. Bb5 Rb4 46. Rb7 h6 47. Bd3 Ra4 48. c7 Ra8 49. Bc4 Rc8 50. Rb6 Rxc7 51.
Rxe6+ Kg5 52. Bd3 Bf6 53. Rd6 Rc5 54. Kf3 Ra5 55. Rb6 g6 56. Rb5 Ra3 57. Rd5 Ra4 58. e4 h5 59. exf5 Rf4+ 60. Kg3 h4+ 61. Kg2 gxf5 62. Be2 Bd4 63. Bf3 Be3 64. Rd3 Bc5 65. Rd8 Kf6 66. Rc8 Bd4 67. Rc6+ Ke5 68. Rh6 Be3 69.
Rh8 Rd4 0-1

[Event "*** Titled Tuesday Blitz"]
[Site "Chess.com"]
[Date "2021.03.30"]
[Round "11"]
[White "Smile2005"]
[Black "Nice_2_M8te_U"]
[Result "1-0"]
[WhiteElo "2451"]
[BlackElo "2534"]
[TimeControl "180+1"]
[EndTime "12:10:42 PDT"]
[Termination "Smile2005 won by checkmate"]

1. d4 Nf6 2. Nf3 d5 3. b3 Bf5 4.
Bb2 e6 5. e3 Be7 6. Bd3 O-O 7.
O-O Bg6 8. Nbd2 c5 9. Ne5 Bxd3 10. cxd3 cxd4 11. Bxd4 Nc6 12. Nxc6 bxc6 13. f4 c5 14. Bb2 Qa5 15. Nf3 Qb5 16. Ne5 a5 17. a4 Qb7 18.
Bc3 Rfd8 19. d4 Ne4 20. Qc2 Rdc8 21. Qd3 Qxb3 22. Be1 Qxd3 23. Nxd3 c4 24. Nf2 f5 25.
Nxe4 fxe4 26. f5 Kf7 27. Bg3 Rc6 28. fxe6+ Kxe6 29. Rfb1 Bb4 30. Ra2 Ra7 31. Rab2 Rb7 32. Be1 c3 33. Rc2 Rbc7 34. Bg3 Rc8 35. Kf2 Rc4 36. Ke2 Bd6 37. Bxd6 Kxd6 38. Rb6+ R8c6 39. Rb7 Rc7 40. Rb6+ R7c6 41. Rb7 Rxa4 42. Rxg7 Rb4 43. Rxh7 Rb2 44. Kd1 Rb1+ 45. Rc1 Rxc1+ 46. Kxc1 Rc4 47. h4 Ke6 48. Rh6+ Kf5 49. Rh5+ Kg4 50. Rxd5 Kxh4 51. Rxa5 Kg3 52. Re5 Kxg2 53. Rxe4 Kf3 54. Re7 c2 55. d5 Ke2 56. d6 Rc3 57. d7 Rd3 58. Kxc2 Rd6 59. e4 Ke3 60. e5 Rd2+ 61. Kb3 Rd5 62. e6 Ke4 63. Kc4 Ke5 64. Re8 Rd4+ 65. Kc5 Rd5+ 66.
Kc4 Rd4+ 67. Kc3 Rd6 68. d8=Q Rc6+ 69. Kb4 Rd6 70. Kb5 Kd5 71. Qxd6+ Kxd6 72. e7 Kd7 73. Rh8 Kxe7 74. Kc6 Kf7 75. Kd6 Kg7 76. Re8 Kg6 77. Re3 Kf5 78. Re2 Kf4 79. Kd5 Kf3 80. Re8 Kg3 81.
Ke4 Kg4 82. Rf8 Kh5 83. Kf5 Kh6 84. Rh8+ Kg7 85. Rh5 Kf7 86. Rh7+ Kg8 87. Kg6 Kf8 88. Ra7 Ke8 89. Kf6 Kd8 90. Ke6 Kc8 91. Kd6 Kb8 92. Rd7 Kc8 93. Kc6 Kb8 94. Rf7 Ka8 95. Kb6 Kb8 96.
Rf8# 1-0

[Event "*** Titled Tuesday Blitz"]
[Site "Chess.com"]
[Date "2021.03.30"]
[Round "11"]
[White "gilbert_gm"]
[Black "Evgeny81"]
[Result "0-1"]
[WhiteElo "2595"]
[BlackElo "2783"]
[TimeControl "180+1"]
[EndTime "12:10:46 PDT"]
[Termination "Evgeny81 won by resignation"]

1. d4 Nf6 2. Nf3 c5 3. c4 cxd4 4.
Nxd4 e5 5. Nf3 Nc6 6. Nc3 Bc5 7. e3 d6 8. a3 a5 9. Be2 O-O 10.
O-O Bf5 11. b3 h6 12. Bb2 Re8 13. Qd2 Qb6 14. Qd1 Rad8 15. Nd2 Bg6 16. Bf3 e4 17. Be2 Ne5 18. Nd5 Nxd5 19. cxd5 Qc7 20. Bb5 Rf8 21. Qc2 Qe7 22. Nxe4 Rc8 23. Qb1 Qh4 24. Bxe5 Bxe4 25. Bg3 Qe7 26. Qd1 Qf6 27. Bd3 Bxd5 28. Bh7+ Kxh7 29. Qxd5 Qe6 30. Qxe6 fxe6 31. b4 axb4 32. axb4 Bxb4 33. Rab1 Bc5 34. Rxb7 Rb8 35. Rfb1 Rxb7 36. Rxb7 Ra8 37. h4 Kg6 38. Rd7 Ra6 39. h5+ Kh7 40.
Bh4 Kg8 41. Rd8+ Kf7 42. Rd7+ Kf8 43. Rd8+ Kf7 44. Rd7+ Kg8 45. Rd8+ Kh7 46. Rd7 Ra1+ 47. Kh2 Ra8 48. Bf6 Rg8 49. Be7 Re8 50. Bxd6 Bb6 51.
Be5 Kg8 52. Rxg7+ Kf8 53. Rg6 Kf7 54. Rxh6 Rg8 55. Rh7+ Ke8 56. Rb7 Bd8 57. f3 Rg5 58.
Bf4 Rxh5+ 59. Kg1 Rd5 60. Kf2 Rd2+ 61. Kg3 Rd5 62. Rh7 Be7 63. e4 Rb5 64. Rh8+ Kf7 65.
Rh7+ Ke8 66. Rh8+ Kf7 67. Be3 Bf6 68. Rh7+ Kg6 69. Rh6+ Kg7 70. Rh1 Rb3 71. Bh6+ Kg6 72. Bf4 Rb2 73. Be3 Rb3 74. Bf4 Rb2 75. e5 Bg7 76. Kh3 Kf5 77. Kg3 Kg6 78. Kh3 Rb4 79. Kg3 Rb3 80. Kg4 Rb4 81. g3 Bxe5 82. Re1 Bxf4 83.
gxf4 Kf6 84. Re5 Rc4 85. Rh5 Rb4 86. Rh6+ Kf7 87. Rh7+ Kg6 88. Re7 Kf6 89. Rb7 Rxb7 0-1

[Event "*** Titled Tuesday Blitz"]
[Site "Chess.com"]
[Date "2021.03.30"]
[Round "11"]
[White "gvanna"]
[Black "MalyDominator"]
[Result "1/2-1/2"]
[WhiteElo "2401"]
[BlackElo "2486"]
[TimeControl "180+1"]
[EndTime "12:10:59 PDT"]
[Termination "Game drawn by repetition"]

1. e4 c5 2. Nf3 d6 3. Nc3 Nc6 4. g3 Nf6 5. Bg2 g6 6. d3 Bg7 7. h4 Bg4 8. Be3 Nd4 9. Bxd4 cxd4 10. Ne2 Qb6 11. O-O Nd7 12. Qd2 O-O 13. Rab1 Rac8 14. c4 dxc3 15. bxc3 Qa6 16. Nfd4 Nc5 17. Nb5 Qa5 18.
d4 Na4 19. Rfc1 a6 20. f3 Bxf3 21. Bxf3 axb5 22. Rb3 Nb6 23. Rcb1 Nc4 24. Qd3 Qxa2 25. Rxb5 Bh6 26. Rxb7 Nd2 27. R1b2 Qa1+ 28. Kh2 Nf1+ 29. Kh3 Qe1 30. Bg2 Ne3 31. R7b3 Nd1 32. Qb1 Nf2+ 33.
Kh2 Ng4+ 34. Kh3 Qf2 35. Qf1 Qxf1 36. Bxf1 Nf2+ 37. Kg2 Nxe4 38. Rb7 e6 39. R2b3 d5 40. Nf4 Bxf4 41. gxf4 Rxc3 42. Rb2 Rfc8 43. Be2 Rc2 44. Kf3 R8c3+ 45. Kg2 Rxb2 46. Rxb2 Re3 47. Rc2 Kg7 48. h5 Rg3+ 49. Kf1 Re3 50. hxg6 hxg6 51. Kg2 Rg3+ 52. Kf1 Re3 53. Kg2 Ra3 54. Rb2 Rc3 55. Bf3 Nd6 56. Rb6 Nf5 57. Rb4 Rc4 58. Rb7 Nxd4 59.
Bg4 Rc2+ 60. Kg3 Nf5+ 61. Bxf5 gxf5 62. Kf3 d4 63. Rd7 Rd2 64. Rd6 Kf6 65. Rd7 Rd1 66. Ke2 Rh1 67. Rxd4 Rh4 68. Kf3 Rh3+ 69. Kg2 Ra3 70.
Rd6 Ke7 71. Rb6 f6 72. Rb7+ Kd6 73. Rb6+ Kd5 74. Kf2 e5 75. Rxf6 exf4 76. Rxf5+ Ke4 77. Rf8 Ra2+ 78. Ke1 f3 79. Re8+ Kf4 80. Rf8+ Ke3 81. Re8+ Kf4 82. Rf8+ Kg3 83. Rg8+ Kh4 84. Kf1 Rb2 85.
Ke1 Kh3 86. Kf1 Rg2 87. Rh8+ Kg3 88. Rg8+ Kf4 89. Rf8+ Ke3 90. Re8+ Kd3 91. Rd8+ Ke3 92. Re8+ Kf4 93. Rf8+ Kg3 94. Rg8+ Kh4 95. Rh8+ Kg5 96.
Rf8 Kg4 97. Rg8+ Kf4 98. Rf8+ 1/2-1/2